 Dungeon Crawl Stone Soup version 0.31-a0-557-g6e16503903 (webtiles) character file.

Game seed: 17239118320932125708

53 Maratek the Trooper (level 3, -1/26 HPs)
             Began as an Octopode Fighter on Aug 16, 2023.
             Slain by an orc
             ... wielding a +0 hand axe
              (3 damage)
             ... on level 3 of the Dungeon.
             The game lasted 00:00:59 (691 turns).

Maratek the Trooper (Octopode Fighter)               Turns: 691, Time: 00:00:59

Health: -1/26      AC:  1    Str: 17    XL:     3   Next: 87%
Magic:  3/3        EV: 13    Int: 10    God:
Gold:   38         SH:  0    Dex: 11    Spells: 2/2 levels left

rFire   . . .        a - +0 war axe
rCold   . . .        b - +0 buckler
rNeg    . . .        (helmet restricted)
rPois   .            (no amulet)
rElec   .            (no ring)
rCorr   .            (no ring)
SInv    .            (no ring)
Will    .....        (no ring)
Stlth   ++           (no ring)
HPRegen 0.24/turn    (no ring)
MPRegen 0.08/turn    (no ring)
                     (no ring)

%: no passive effects
@: confused
A: almost no armour, amphibious, 8 rings, camouflage 1, gelatinous body 1,
(nimble swimmer 1), tentacles
a: no special abilities


You were on level 3 of the Dungeon.
You visited 1 branch of the dungeon, and saw 3 of its levels.

You collected 38 gold pieces.

Inventory:

Hand Weapons
 a - a +0 war axe (weapon)
Armour
 b - a +0 buckler (worn)
Jewellery
 e - a ring of magical power
Scrolls
 d - a scroll of identify {unknown}
 f - a scroll of immolation {unknown}
Potions
 c - a potion of might


   Skills:
 + Level 3.5 Fighting
 + Level 2.6 Axes
 + Level 3.3 Dodging
 + Level 0.6 Stealth
 + Level 3.4 Shields


You had 2 spell levels left.
You didn't know any spells.
Your spell library was empty.

Dungeon Overview and Level Annotations

Branches:
Dungeon (3/15)

Altars:


Innate Abilities, Weirdness & Mutations

You cannot wear most types of armour.
You are amphibious.
You can wear up to eight rings at the same time.
Your skin changes colour to match your surroundings (Stealth+).
Your rubbery body absorbs attacks. (AC +1, EV +1)
((You are camouflaged when in or above water. (Stealth+)))
You have tentacles for arms and can constrict up to eight enemies at once.


Message History

The frilled lizard barely misses you. The frilled lizard misses you.
You hit the frilled lizard.
You kill the frilled lizard!
You closely miss the orc wizard. You grab the orc wizard.
Your squeeze misses the orc wizard. You constrict the orc wizard.
The orc wizard hits you with a +0 dagger.
An orc comes into view. It is wielding a +0 club.
An orc comes into view. It is wielding a +0 flail.
The orc wizard misses you.
The orc shouts!
You hit the orc wizard.
The orc wizard is moderately wounded.
You constrict the orc wizard. The orc wizard barely misses you.
You hit the orc wizard but do no damage.
You squeeze the orc wizard!
You kill the orc wizard!
You hit the orc. The orc hits you with a +0 hand axe.
The orc wizard points at you and mumbles some strange words.
You are confused.
The orc closely misses you.
The orc wizard points at you and mumbles some strange words.
You are more confused.
Things that are here:
a +0 dagger; a +0 robe You barely miss the orc wizard.
You hit the orc but do no damage. The orc barely misses you.
The orc wizard hits you with a +0 dagger.
The orc wizard gestures at you while chanting.
The puff of flame hits you!
* * * LOW HITPOINT WARNING * * *
The orc hits you with a +0 club.
* * * LOW HITPOINT WARNING * * *
The orc misses you.
You miss the orc wizard. You closely miss the orc. You slash the orc!
You kill the orc!
You miss the orc.
The orc wizard gestures at you while chanting.
You resist with significant effort. The orc hits you with a +0 hand axe.
You die...

#(..####.####..# .o
##....##..# ##.## .o.
#..##(.##.# #.># ....
#.####..#.# ##.## ....##.
##.#.## ##..#### #......
#)...###......#
.......#####..........<..#
..........o#.>...........#
..........o@.......#.....#
........##)o.......#.....#
........########.........#
........# ####......#
........# ##.....#
.......## #.....# #.....#
######


You could see an orc wizard and 2 orcs.

Vanquished Creatures
  An orc wizard (D:3)
  An adder (D:2)
  A worm (D:2)
  2 dart slugs (D:2)
  An orc (D:3)
  2 bats (D:2)
  An endoplasm (D:2)
  2 giant cockroaches (D:2)
  2 goblins
  A frilled lizard (D:3)
  A rat (D:1)
15 creatures vanquished.

Notes
Turn   | Place    | Note
-------+----------+-------------------------------------------
     0 | D:1      | Maratek the Octopode Fighter began the quest for the Orb.
     0 | D:1      | Reached XP level 1. HP: 16/16 MP: 1/1
    54 | D:1      | You fall into a shaft and drop 1 floor!
   105 | D:2      | Reached XP level 2. HP: 21/21 MP: 2/2
   333 | D:2      | Reached XP level 3. HP: 23/26 MP: 3/3
   691 | D:3      | Slain by an orc

Illustrated notes

Levels and vault maps discovered:
D:1:      heliophobic_arrival_henge, layout_loops_ring,
          chequers_serial_rivers_micro_c
D:2:      layout_rooms, kennysheep_flooded_box
D:3:      layout_rooms, uniq_jessica, uniq_pargi, uniq_crazy_yiuf_cottage

Action                     || total
---------------------------++-------
  Melee: War axe           ||    25
         Tentacles         ||     5
         Constrict         ||     4
   Stab: Sleeping          ||     1
  Dodge: Dodged            ||    23
  Block: Buckler           ||     3

Table legend: (Time is in decaauts)
 A = Elapsed time spent in this place.
 B = Non-inter-level travel time spent in this place.
 C = Inter-level travel time spent in this place.
 D = Time resting spent in this place.
 E = Time spent auto-exploring this place.
 F = Levels seen in this place.
 G = Mean time per level.
                   A        B        C        D        E       F      G
               +--------+--------+--------+--------+--------+-----+--------+
         Total |    700 |    681 |     19 |      0 |    541 |   3 |  233.3 |
       Dungeon |    700 |    681 |     19 |      0 |    541 |   3 |  233.3 |
               +--------+--------+--------+--------+--------+-----+--------+

Top non-repeatable levels by time:
     D:2: 581 daAuts
     D:3: 65 daAuts
     D:1: 54 daAuts
